 Dungeon Crawl Stone Soup version 0.24.0-1-gfbc8707 (webtiles) character file.

Game seed: 4076423729140133204, levelgen mode: deterministic

7 AmazingTV the Grasshopper (level 2, 0/24 HPs)
             Began as a Ghoul Warper on Nov 18, 2019.
             Slain by a leopard gecko (2 damage)
             ... on level 1 of the Dungeon.
             The game lasted 00:03:43 (152 turns).

AmazingTV the Grasshopper (Ghoul Warper)             Turns: 152, Time: 00:03:44

Health: 0/24       AC:  3    Str: 14    XL:     2   Next: 4%
Magic:  4/4        EV: 11    Int:  8    God:
Gold:   52         SH:  0    Dex:  8    Spells: 5/5 levels left

rFire    . . .     SeeInvis .     - Unarmed
rCold    + . .     Gourm    .   (no shield)
rNeg     + + +     Faith    .   a - +0 leather armour
rPois    ∞         Spirit   .   (no helmet)
rElec    .         Reflect  .   (no cloak)
rCorr    .         Harm     .   (no gloves)
MR       .....                  (no boots)
Stlth    +.........             (no amulet)
HPRegen  0.00/turn              (no ring)
MPRegen  0.09/turn              (no ring)

@: rotting
A: rotting body, claws 1, carnivore, cold resistance 1, negative energy
resistance 3, inhibited regeneration, torment resistance, unbreathing
a: no special abilities


You were on level 1 of the Dungeon.
You were not hungry.

You visited 1 branch of the dungeon, and saw 1 of its levels.

You collected 52 gold pieces.

Inventory:

Hand Weapons
 g - a cursed +0 dagger
Missiles
 d - 5 boomerangs of dispersal (quivered)
Armour
 a - a +0 leather armour (worn)
Scrolls
 c - a scroll of blinking
 e - a scroll of magic mapping {unknown}
 i - a scroll of identify {unknown}
Potions
 b - a potion of flight {unknown}
 h - 2 potions of might {unknown}
Comestibles
 f - a ration


   Skills:
 + Level 2.1 Fighting
 + Level 0.8 Throwing
 + Level 0.8 Armour
 + Level 1.7 Dodging
 * Level 1.0 Stealth
 + Level 2.1 Unarmed Combat
 + Level 2.1 Spellcasting
   Level 2.6 Translocations


You had 5 spell levels left.
You didn't know any spells.
Your spell library contained the following spells:

 Spells                   Type           Power        Failure   Level  Hunger
 Blink                    Tloc           N/A          22%         2    ###....
 Shroud of Golubria       Chrm/Tloc      #.....       36%         2    ###....
 Gell's Gravitas          Tloc           #.........   41%         3    ####...
 Lesser Beckoning         Tloc           #.........   41%         3    ####...
 Teleport Other           Tloc           #.......     41%         3    ####...
 Passage of Golubria      Tloc           N/A          82%         4    #####..


Dungeon Overview and Level Annotations

Branches:
Dungeon (1/15)

Altars:


Innate Abilities, Weirdness & Mutations

Your body is rotting away.
You thrive on raw meat.
You are immune to poison.
You have sharp fingernails.
You are carnivorous and can eat meat at any time.
Your flesh is cold resistant. (rC+)
You are immune to negative energy. (rN+++)
You do not regenerate when monsters are visible.
You are immune to unholy pain and torment.
You can survive without breathing.


Message History

Found 9 gold pieces and a scroll labeled XUNAHENOGE.
You now have 43 gold pieces (gained 12).
Found a stone staircase leading down.
You now have 52 gold pieces (gained 9).
i - a scroll labeled XUNAHENOGE A leopard gecko comes into view.
A goblin comes into view.
The goblin shouts!
The leopard gecko hisses angrily.
You hear a shout!
The leopard gecko barely misses you.
A ball python comes into view.
The leopard gecko bites you.
* * * LOW HITPOINT WARNING * * *
You closely miss the leopard gecko.
A hobgoblin comes into view.
The leopard gecko bites you.
* * * LOW HITPOINT WARNING * * *
You barely miss the leopard gecko. The leopard gecko bites you.
* * * LOW HITPOINT WARNING * * *
The leopard gecko barely misses you. The leopard gecko bites you.
You die...

...#.....>.#
<#.#.......#
####.......#
#....# ### #.##.#
#.# ... #.# #.#
#..## #g#####.#
....
#...g...#####..
....
#.##..l@...##..
...
#.###......##..
... #.#
#......##.# ###
#.........#
#......##.#####..
#......##........
#......##.#
#......'..#
#......##.#


You could see a leopard gecko, a hobgoblin and a goblin.

Vanquished Creatures
  A giant cockroach (D:1)
  A goblin (D:1)
  2 hobgoblins (D:1)
  A bat (D:1)
  A frilled lizard (D:1)
  A rat (D:1)
7 creatures vanquished.

Notes
Turn   | Place    | Note
-------+----------+-------------------------------------------
     0 | D:1      | AmazingTV the Ghoul Warper began the quest for the Orb.
     0 | D:1      | Reached XP level 1. HP: 17/17 MP: 2/2
   101 | D:1      | Reached skill level 1 in Stealth
   103 | D:1      | Reached XP level 2. HP: 4/24 MP: 4/4
   152 | D:1      | Slain by a leopard gecko

Levels and vault maps discovered:
D:1:      lemuel_arrival_tunnels, layout_basic

Skill      XL: |  1 |
---------------+----+-----
Spellcasting   | 2 |  2.1
Stealth        | 1 |  1.0
Fighting       | |  2.1
Throwing       | |  0.8
Armour         | |  0.8
Dodging        | |  1.7
Unarmed Combat | |  2.1
Translocations | |  2.6

Action                   || total
-------------------------++-------
Melee: Unarmed           ||    27
Armor: Leather armour    ||     4
Dodge: Dodged            ||    16
